 Dungeon Crawl Stone Soup version bcrawl-1.12-10-g10a67aac0f (webtiles) character file.

Game seed: 18102038405925194697

2026 MisterOstroum the Ruffian (level 9, -7/89 HPs)
             Began as a Troll Chaos Knight on June 11, 2019.
             Was a Plaything of Xom.
             Killed by nerve-wracking pain
             ... invoked by a shadow imp
              (10 damage)
             ... on level 6 of the Dungeon.
             The game lasted 00:24:36 (5800 turns).

MisterOstroum the Ruffian (Troll Chaos Knight)      Turns: 5800, Time: 00:24:37

Health: -7/89      AC:  8    Str: 25    XL:     9   Next: 3%
Magic:  11/11      EV: 10    Int:  9    God:    Xom [......]
Gold:   284        SH:  0    Dex:  9    Spells: 8/8 levels left

rFire    . . .     SeeInvis .     - Unarmed
rCold    . . .     Gourm    +   (no shield)
rNeg     . . .     Faith    .   (armour unavailable)
rPois    .         Spirit   .   (helmet restricted)
rElec    .         Reflect  .   (no cloak)
rCorr    .         Harm     .   (gloves unavailable)
MR       .....                  (boots unavailable)
Stlth    +.........             (no amulet)
HPRegen  0.64/turn              (no ring)
MPRegen  0.12/turn              (no ring)

@: hasted, very quick
A: large, almost no armour, unfitting armour, claws 3, fast metabolism 3,
gourmand, regeneration 1, screaming 1, AC +8
a: Renounce Religion


You were on level 6 of the Dungeon.
You worshipped Xom.
You were a very special plaything of Xom.
You were not hungry.

You visited 1 branch of the dungeon, and saw 6 of its levels.
You also visited: Sewer.

You collected 284 gold pieces.

Inventory:

Hand Weapons
 a - a +1 mace of chaos
 l - a +5 dagger
 w - a +0 great sword
 C - a +0 giant club
Missiles
 t - 703 stones (quivered)
Armour
 d - the +2 large shield of a Billion Continents {rN+, unknown}
   (You found it on level 6 of the Dungeon)

   It protects you from negative energy.
Jewellery
 z - an uncursed ring of poison resistance
Wands
 k - a wand of polymorph (1)
 r - a wand of flame (12)
 B - a wand of disintegration (15)
Scrolls
 c - 2 scrolls of fear
 f - 4 scrolls of blinking
 g - 5 scrolls of identify
 h - a scroll of teleportation {@r3 !r}
 s - a scroll of enchant armour
 A - a scroll of noise {unknown}
Potions
 b - a potion of haste {@q4 !q}
 i - a potion of brilliance
 j - a potion of flight
 n - 2 potions of ambrosia
 p - a potion of cancellation {unknown}
 q - a potion of curing {@q1 !q}
 u - a potion of mutation {unknown}
 D - a potion of degeneration {unknown}
Comestibles
 e - 18 rations {!d}


   Skills:
 + Level 6.2 Fighting
 - Level 3.0 Maces & Flails
 - Level 1.9 Dodging
 + Level 6.7 Unarmed Combat
 - Level 5.0 Evocations


You had 8 spell levels left.
You didn't know any spells.
Your spell library was empty.

Dungeon Overview and Level Annotations

Branches:
Dungeon (6/12)             Temple (0/1) D:6

Altars:
Cheibriados
Fedhas
Hepliaklqana
Lugonu
Okawaru
Trog
Uskayaw

Shops:
D:5 %

Annotations:
D:6 Prince Ribbit, Sigmund


Innate Abilities, Weirdness & Mutations

You cannot wear most types of armour.
Your thick skin is tough. (AC +8)
You are too large for most types of armour.
You have claws for hands.
Your metabolism is lightning-fast.
You like to eat raw meat.
Your natural rate of healing is unusually fast.
You occasionally shout uncontrollably at your foes.


Message History

Your experience leads to an increase in your attributes!
Increase (S)trength, (I)ntelligence, or (D)exterity?
You feel stronger. x2; Your skin feels tougher. "Over there now!"
The worker ant blinks!
You scratch the worker ant.
The worker ant is moderately wounded.
You claw the worker ant!
The worker ant is almost dead.
The worker ant bites you.
You are poisoned.
The worker ant poisons you! The slime creature hits you!
Two slime creatures merge to form a large slime creature.
You claw the worker ant!
You kill the worker ant!
You feel sick.
Your magical contamination has completely faded away.
You feel sick.
You see here a worker ant corpse.
You hear the slow hiss of a distant avalanche of sand.
Sigmund the Dreaded comes into view.
He is wielding a +2 scythe of freezing, wearing a +2 robe of magic resistance and carrying a wand of random effects (11).
Unknown command.
Unknown command.
You feel sick.
You feel sick.
Prince Ribbit croaks regally.
A shadow imp comes into view.
You feel sick.
There is a stone staircase leading up here.
Press: ? - help, v - describe, . - travel
Here: a large slime creature (lightly wounded)
The floor.
An orc comes into view. It is wielding a +0 hand axe.
You feel sick.
You claw the shadow imp!
The shadow imp is almost dead.
The shadow imp gestures at you. Pain shoots through your body!
A large slime creature splits.
Unknown command. "Get over here!"
The slime creature blinks!
The orc blinks!
The slime creature blinks!
The shadow imp blinks!
The slime creature hits you!
You claw the slime creature!
The slime creature is lightly wounded.
You feel sick.
The slime creature hits you but does no damage.
Prince Ribbit hits you but does no damage.
You enter the shallow water.
Moving in this stuff is going to be slow.
Prince Ribbit hops awkwardly around.
The slime creature hits you!
Prince Ribbit blinks!
The slime creature hits you.
Prince Ribbit blinks!
You feel sick. "Whee!"
Your surroundings suddenly seem different.
Prince Ribbit gives a loud, deep croak!
The orc shouts!
The slime creature quivers.
You feel sick.
Prince Ribbit blinks!
Found 18 gold pieces.
You feel sick.
Prince Ribbit blinks!
Found a leather armour.
The slime creature quivers. "This might be better!"
The slime creature seems to slow down.
You feel sick.
You are no longer poisoned.
Found a stone staircase leading down.
Prince Ribbit misses you.
Found 24 gold pieces.
Prince Ribbit hits you!
You see here a leather armour.
Prince Ribbit croaks regally.
Prince Ribbit hits you but does no damage.
Okay, then.
Prince Ribbit hits you!
* * * LOW HITPOINT WARNING * * *
Prince Ribbit croaks regally.
Prince Ribbit hits you.
* * * LOW HITPOINT WARNING * * *
It was a potion of heal wounds.
You feel much better.
Xom thinks this is hilarious!
Prince Ribbit hits you.
Prince Ribbit sighs, "It's not easy being green!"
Prince Ribbit hits you!
* * * LOW HITPOINT WARNING * * *
Really quaff
b - 2 potions of haste {@q4 !q}?
You feel yourself speed up. Prince Ribbit hits you!
* * * LOW HITPOINT WARNING * * *
The slime creature completely misses you.
Prince Ribbit blinks!
The slime creature quivers.
The shadow imp shouts, "Go and return not, thou clouted bat-fowling fleecer!"
Xom's attention turns to you for a moment.
You are blasted with fire.
* * * LOW HITPOINT WARNING * * *
The shadow imp gestures at you. Pain shoots through your body!
You die...
Xom chortles!

##.#.#.#.#.#..####.......,,,,
#.#$#.#.#.#.#..# *###.... ,,,
##.#.#.#J#.#.#.# ##......
,,,, #.#.#.#.#.#.##<##...# ..
,,
###.#.#.#.#J#F......###.#., ,
#..#.#.#.#.#.##.#..§§≈..#, ,,
#.#.#.#.#.#.#.#.5.≈≈§≈≈.. ,
#..#.#.#.#.#.##..≈≈§§§§≈# ,
#.#.#.#.#.#.#.@.#≈§≈>≈§≈. , ,
#..#o#.#.#.#.##..≈≈≈§≈≈≈.
#.#.#.#.#J#J#.#...≈≈§≈≈..
#.o.#####.#####....≈§§..#
##.#####o.# #......####
####[###§..## #..#####
.........### #..# .........#
#..# ..>.....##


You could see a slime creature and a shadow imp.

Vanquished Creatures
  A slime creature (D:6)
  A hungry ghost (D:6)
  2 ice beasts
  2 phantoms
  3 ogres
  3 centaurs (D:5)
  Blork the orc (D:6)
  2 bullfrogs (Sewer)
  3 crimson imps
  4 orc priests
  A bullfrog skeleton (D:5)
  An orc wizard (D:2)
  A centaur zombie (D:5)
  Jessica (D:2)
  2 iguanas
  5 worker ants
  A hound skeleton (D:5)
  A worker ant zombie (D:5)
  Robin (D:2)
  7 adders
  2 oozes
  A worm (D:2)
  5 dart slugs
  8 leopard geckos
  14 orcs
  8 giant cockroaches
  8 hobgoblins
  3 jackals
  2 quokkas
  6 ball pythons
  2 bats
  2 frilled lizards
  13 goblins
  7 kobolds
  6 rats
  A fungus (D:4)
131 creatures vanquished.

Vanquished Creatures (collateral kills)
  A howler monkey (D:2)
  A crimson imp (D:5)
  A worker ant (D:5)
  An orc (D:2)
  A goblin (D:2)
  A hobgoblin (D:2)
  3 jackals (D:2)
  A rat (D:5)
10 creatures vanquished.

Vanquished Creatures (others)
  A bullfrog skeleton (D:4)
  A shadow imp (D:4)
  A dart slug (D:4)
  A leopard gecko (D:3)
  A hobgoblin (D:3)
5 creatures vanquished.

Grand Total: 146 creatures vanquished

Notes
Turn   | Place    | Note
-------+----------+-------------------------------------------
     0 | D:1      | MisterOstroum the Troll Chaos Knight began the quest for
                  | the Orb.
     0 | D:1      | Reached XP level 1. HP: 22/22 MP: 0/0
   209 | D:1      | Reached skill level 1 in Unarmed Combat
   311 | D:1      | Reached XP level 2. HP: 29/29 MP: 1/1
   515 | D:1      | XOM: harmless Ice miscast
   969 | D:2      | Found a faded altar of an unknown god.
  1028 | D:2      | Noticed a howler monkey
  1031 | D:2      | XOM: harmless Necr miscast
  1035 | D:2      | XOM: silly message
  1038 | D:2      | XOM: summons 2 friendly demons
  1044 | D:2      | XOM: summons friendly shadow imp
  1048 | D:2      | Killed a howler monkey
  1048 | D:2      | Reached XP level 3. HP: 37/37 MP: 2/2
  1062 | D:2      | Noticed Robin
  1103 | D:2      | Killed Robin
  1103 | D:2      | Gained mutation: Your natural rate of healing is unusually
                  | fast. [Troll growth]
  1103 | D:2      | Reached XP level 4. HP: 43/45 MP: 3/3
  1323 | D:2      | Found a bloodstained altar of Trog.
  1337 | D:2      | Found a corrupted altar of Lugonu.
  1337 | D:2      | XOM: 1-stop teleportation journey
  1527 | D:2      | Noticed Jessica
  1555 | D:2      | XOM: summons friendly shadow imp
  1568 | D:2      | Killed Jessica
  1649 | D:2      | Reached XP level 5. HP: 35/54 MP: 4/4
  1988 | D:2      | XOM: cloud trail
  2262 | D:3      | XOM: cloud trail
  2337 | D:3      | XOM: destruction
  2398 | D:3      | XOM: god gift: orange potion {god gift}
  2520 | D:3      | Reached skill level 1 in Evocations
  2859 | D:3      | XOM: draining
  2913 | D:4      | Noticed an ogre
  2914 | D:4      | XOM: swap monsters
  2923 | D:4      | XOM: destruction
  2930 | D:4      | XOM: divination: magic mapping
  2932 | D:4      | XOM: fog
  2935 | D:4      | XOM: confuse monster(s)
  2936 | D:4      | Noticed a phantom
  2939 | D:4      | XOM: summons friendly ufetubus
  2968 | D:3      | XOM: medium Ice miscast
  3050 | D:4      | XOM: enchant monster (good)
  3061 | D:4      | XOM: mild Air miscast
  3065 | D:4      | XOM: enchant monster (bad)
  3079 | D:4      | Killed a phantom
  3079 | D:4      | Reached XP level 6. HP: 48/62 MP: 4/6
  3121 | D:4      | HP: 3/62 [ogre/+0 giant club (21)]
  3187 | D:4      | XOM: 4-stop teleportation journey
  3272 | D:4      | Found a blossoming altar of Fedhas.
  3297 | D:4      | XOM: repel stairs
  3311 | D:4      | XOM: noise
  3316 | D:4      | Reached XP level 7. HP: 53/71 MP: 8/8
  3408 | D:4      | Found an iron altar of Okawaru.
  3480 | D:4      | XOM: swap monsters
  3614 | D:4      | Found a hazy altar of Hepliaklqana.
  3816 | D:5      | Entered Level 5 of the Dungeon
  3829 | D:5      | XOM: summons friendly orange demon
  3986 | D:5      | Found a glowing drain.
  4047 | Sewer    | Entered a sewer
  4097 | Sewer    | XOM: medium Tmut miscast
  4123 | Sewer    | XOM: polymorph adder -> ball python
  4361 | Sewer    | XOM: cloud trail
  4608 | D:5      | XOM: give mutation
  4608 | D:5      | Gained mutation: You occasionally shout uncontrollably at
                  | your foes. [Xom's mischief]
  4732 | D:5      | XOM: cast spell 'Olgreb's Toxic Radiance'
  4737 | D:5      | Reached skill level 5 in Unarmed Combat
  4737 | D:5      | Reached XP level 8. HP: 76/79 MP: 8/10
  4782 | D:5      | Found Ampuaca's Food Shoppe.
  4813 | D:5      | Reached skill level 5 in Fighting
  4876 | D:5      | XOM: enchant monster (good)
  4883 | D:5      | XOM: potion effect (invisibility)
  4987 | D:5      | XOM: potion effect (heal wounds)
  5165 | D:5      | Found a hide-covered altar of Uskayaw.
  5450 | D:5      | Reached skill level 5 in Evocations
  5451 | D:5      | XOM: enchant monster (good)
  5455 | D:5      | XOM: smoke on damage
  5531 | D:5      | XOM: noise
  5570 | D:5      | Found a snail-covered altar of Cheibriados.
  5647 | D:5      | XOM: divination: detect items
  5654 | D:6      | XOM: noise
  5656 | D:6      | XOM: cast spell 'Alistair's Intoxication'
  5657 | D:6      | XOM: cast spell 'Olgreb's Toxic Radiance'
  5657 | D:6      | Noticed Blork the orc
  5664 | D:6      | XOM: harmless Conj miscast
  5670 | D:6      | Killed Blork the orc
  5704 | D:6      | Found a staircase to the Ecumenical Temple.
  5714 | D:6      | Noticed a slime creature
  5714 | D:6      | Noticed a slime creature
  5714 | D:6      | Noticed a slime creature
  5714 | D:6      | Noticed Prince Ribbit
  5720 | D:6      | XOM: divination: magic mapping
  5721 | D:6      | Got a transparent large shield
  5729 | D:6      | XOM: blink monster(s)
  5735 | D:6      | XOM: destruction
  5743 | D:6      | XOM: confuse monster(s)
  5747 | D:6      | Killed a slime creature
  5751 | D:6      | Reached XP level 9. HP: 78/89 MP: 11/11
  5751 | D:6      | XOM: blink monster(s)
  5756 | D:6      | Noticed Sigmund
  5764 | D:6      | XOM: blink monster(s)
  5769 | D:6      | XOM: 1-stop teleportation journey
  5778 | D:6      | XOM: enchant monster (good)
  5800 | D:6      | XOM: medium Fire miscast
  5800 | D:6      | HP: 3/89 [something (9)]
  5800 | D:6      | Killed from afar by a shadow imp

Skill      XL: |  1  2  3  4  5  6  7  8 |
---------------+-------------------------+-----
Unarmed Combat | 1 2 3 4 5 6 |  6.7
Fighting       | 3 4 6 |  6.2
Evocations     | 1 2 4 5 |  5.0
Maces & Flails | |  3.0
Dodging        | |  1.9

Action                   |  1- 3 |  4- 6 |  7- 9 || total
-------------------------+-------+-------+-------++-------
Melee: Mace              |    82 |    46 |    28 ||   156
       Unarmed           |       |   105 |   164 ||   269
       Punch             |       |     3 |     4 ||     7
Throw: Stone             |     4 |     9 |    95 ||   108
  Use: Potion            |       |     5 |     2 ||     7
       Scroll            |       |       |    10 ||    10
 Stab: Confused          |     1 |       |     3 ||     4
       Sleeping          |     1 |       |       ||     1
       Paralysed         |       |     2 |     1 ||     3
       Invisible         |       |       |     1 ||     1
  Eat: Chunk             |    12 |    14 |    11 ||    37
Armor: Skin              |    35 |    51 |    54 ||   140
Dodge: Dodged            |    30 |    65 |    86 ||   181
